 Dungeon Crawl Stone Soup version 0.24-b1-30-g840c9efd86 (webtiles) character file.

Game seed: 16926635954248132514, levelgen mode: deterministic

11071 Mesmaeker13 the Fighter (level 11, -16/76 HPs)
             Began as a Demigod Skald on Oct 24, 2019.
             Demolished by a tentacled starspawn (18 damage)
             ... on level 2 of the Abyss.
             The game lasted 00:27:43 (12856 turns).

Mesmaeker13 the Fighter (Demigod Skald)            Turns: 12856, Time: 00:27:44

Health: -16/76     AC: 14    Str: 19 (20) XL:     11   Next: 21%
Magic:  0/26       EV:  6    Int: 11 (13) God:
Gold:   600        SH:  0    Dex:  8 (11) Spells: 7/13 levels left

rFire    + + .     SeeInvis .   M - +6 morningstar
rCold    + + .     Gourm    .   (no shield)
rNeg     . . .     Faith    .   D - +0 chain mail {rC+}
rPois    .         Spirit   +   Q - +1 hat
rElec    .         Reflect  .   s - scarf {rC+ rF+}
rCorr    .         Harm     .   N - +0 pair of gloves
MR       +....     Rnd*Tele +   n - +0 pair of boots
Stlth    ..........             J - amulet of guardian spirit
HPRegen  0.22/turn              z - ring of Ebumaosh {*Tele rF+}
MPRegen  0.20/turn              C - ring of magical power

@: confused, constricted
A: [blurry vision 3], [clumsy 2], [deterioration 2], [dopey 2], [frail 2], high
mp 1, [screaming 2]
a: no special abilities


You were on level 2 of the Abyss.
You were not hungry.

You visited 1 branch of the dungeon, and saw 10 of its levels.
You visited the Abyss 1 time.

You collected 600 gold pieces.

Inventory:

Hand Weapons
 F - the +11 mace "Newtslayer" {flame, -Tele rElec MR+}
   (You found it on level 5 of the Dungeon)

   It has been specially enchanted to burn those struck by it, causing extra
   injury to most foes and up to half again as much damage against particularly
   susceptible opponents.
   It insulates you from electricity.
   It affects your resistance to hostile enchantments.
   It prevents most forms of teleportation.
 G - a cursed +5 scimitar
 M - a +6 morningstar (weapon)
Missiles
 i - 12 boomerangs
 u - 67 poisoned darts (quivered)
 K - 7 javelins
 S - 2 curare-tipped darts
Armour
 n - a +0 pair of boots (worn)
 s - a scarf of resistance (worn)
 D - a +0 chain mail of cold resistance (worn)
 H - a scarf of spirit shield
 N - a +0 pair of gloves (worn)
 Q - a +1 hat (worn)
Jewellery
 e - an uncursed ring of protection from cold
 r - an uncursed ring of flight
 v - an uncursed ring of protection from cold
 z - the ring of Ebumaosh (left hand) {*Tele rF+}
   (You took it off an orc on level 7 of the Dungeon)

   [ring of teleportation]

   It may teleport you next to monsters.
   It protects you from fire.
 C - a ring of magical power (right hand)
 J - an amulet of guardian spirit (around neck)
Wands
 O - a wand of iceblast (8)
 P - a wand of digging (5)
Scrolls
 f - 2 scrolls of enchant weapon {unknown}
 g - 4 scrolls of teleportation
 h - 3 scrolls of enchant armour
 k - 4 scrolls of remove curse
 p - a scroll of holy word {unknown}
 q - 5 scrolls of amnesia
 x - a scroll of fog {unknown}
 y - 2 scrolls of blinking
 B - a scroll of noise {unknown}
 E - 2 scrolls of immolation
 I - 2 scrolls of magic mapping
 T - 2 scrolls of brand weapon {unknown}
 U - a scroll of silence {unknown}
Potions
 a - a potion of brilliance {unknown}
 b - a potion of magic {unknown}
 c - 2 potions of mutation
 j - 3 potions of flight
 m - a potion of cancellation {unknown}
 o - 2 potions of curing
 t - a potion of agility {unknown}
 w - a potion of haste {unknown}
 A - 2 potions of heal wounds
 L - a potion of degeneration {unknown}
Comestibles
 d - 16 rations


   Skills:
 + Level 8.7 Fighting
 - Level 4.1 Long Blades
 + Level 7.4 Maces & Flails
 + Level 8.5 Armour
 - Level 5.3 Dodging
 - Level 1.7 Spellcasting
 + Level 7.1 Charms


You had 7 spell levels left.
You knew the following spells:

 Your Spells              Type           Power        Failure   Level  Hunger
a - Infusion              Chrm           ###.         14%         1    ##.....
b - Song of Slaying       Chrm           ###.....     21%         2    ###....
c - Regeneration          Chrm/Necr      #.........   86%         3    ####...

Your spell library contained the following spells:

 Spells                   Type           Power        Failure   Level  Hunger
 Shroud of Golubria       Chrm/Tloc      #.....       65%         2    ###....
 Spectral Weapon          Hex/Chrm       #.......     86%         3    ####...
 Animate Skeleton         Necr           N/A          94%         1    ##.....
 Throw Icicle             Conj/Ice       #.......     100%        4    #####..
 Bolt of Draining         Conj/Necr      #.........   100%        5    ######.
 Dispel Undead            Necr           #.......     100%        5    ######.


Dungeon Overview and Level Annotations

Branches:
Dungeon (10/15)            Temple (0/1) D:7            Lair (0/6) D:10
    Orc: D:9-12

Shops:
D:8 *

Annotations:
D:3 3 runed translucent doors, Erac's ghost, amateur MiBe


Innate Abilities, Weirdness & Mutations

You have an increased reservoir of magic. (+10% MP)
[Scrolls take you much longer to read.]
[You are very clumsy. (Dex -4)]
[Your body often deteriorates upon taking damage.]
[You are very dopey. (Int -4)]
[You are very frail. (-20% HP)]
[You sometimes yell uncontrollably at your foes.]


Message History

You bump into the rock wall.
The golden eye blinks at you. You resist with some effort.
The starspawn tentacle grabs you. The starspawn tentacle constricts you.
The tentacled starspawn bites you!
* * * LOW HITPOINT WARNING * * *
Your body deteriorates!
You feel clumsy. The tentacled starspawn engulfs you.
* * * LOW HITPOINT WARNING * * *
You bump into the rock wall.
* * * LOW HITPOINT WARNING * * *
The starspawn tentacle constricts you. The tentacled starspawn bites you.
* * * LOW HITPOINT WARNING * * *
The tentacled starspawn engulfs you.
* * * LOW HITPOINT WARNING * * *
Unknown command.
You bump into the rock wall.
The golden eye blinks at you. You resist with almost no effort.
The starspawn tentacle constricts you. The tentacled starspawn bites you!!
You die...

. .. . .# #
.. .. #. ## .
. .#.# # [.
#..G..##.# ..
.... ... ##.#
.... ..
.......#
#...... . ##
###...'......
.
#.#'###......
..
#...G@.......
#..
#...Xw.......
#....w......#
##.#.##......
#...# ......
#...# .#...#
#...# .....
#...# # ### #
.#


You could see a tentacled starspawn, 2 starspawn tentacles and a golden eye.

Vanquished Creatures
  Gastronok (D:10)
  A rakshasa (Abyss:2)
  A two-headed ogre (D:10)
  Nergalle (D:10)
  A sixfirhy (Abyss:2)
  3 trolls
  A hippogriff (D:10)
  Eustachio (D:4)
  5 yaks (D:8)
  A hungry ghost (D:6)
  A water moccasin (D:6)
  Duvessa (D:6)
  3 ice beasts
  2 sky beasts
  3 orc warriors (D:8)
  2 necrophages
  A phantom (D:7)
  3 centaurs
  8 ogres
  A small abomination (Abyss:2)
  A crocodile (D:8)
  2 big kobolds (D:10)
  5 bullfrogs
  Dowan (D:6)
  A water moccasin skeleton (D:8)
  3 scorpions
  3 killer bees (D:8)
  11 wights
  2 howler monkeys (D:8)
  3 crimson imps
  2 centaur zombies
  7 orc priests
  Crazy Yiuf (D:5)
  3 hounds
  2 centaur skeletons (D:9)
  Jessica (D:2)
  8 orc wizards
  9 worker ants
  3 hound skeletons
  8 gnolls
  9 adders
  A shadow imp (D:5)
  An ooze (D:2)
  4 worms
  A dart slug (D:5)
  4 leopard geckos
  38 orcs
  A ball python (D:6)
  9 giant cockroaches
  7 hobgoblins
  18 kobolds
  2 quokkas
  3 bats
  5 frilled lizards
  2 goblins
  A quokka skeleton (D:10)
  7 rats
  2 fungi (D:5)
232 creatures vanquished.

Vanquished Creatures (others)
  A quasit (Abyss:2)
  8 starspawn tentacles (Abyss:2)
9 creatures vanquished.

Grand Total: 241 creatures vanquished

Notes
Turn   | Place    | Note
-------+----------+-------------------------------------------
     0 | D:1      | Mesmaeker13 the Demigod Skald began the quest for the Orb.
     0 | D:1      | Reached XP level 1. HP: 17/17 MP: 5/5
    27 | D:1      | Reached skill level 1 in Armour
   427 | D:1      | Reached XP level 2. HP: 17/24 MP: 4/7
  1060 | D:2      | Reached XP level 3. HP: 29/29 MP: 4/8
  1133 | D:2      | Noticed Jessica
  1144 | D:2      | Killed Jessica
  1500 | D:2      | Reached XP level 4. HP: 36/37 MP: 4/9
  2362 | D:2      | Reached XP level 5. HP: 38/44 MP: 5/10
  2466 | D:2      | Found a blossoming altar of Fedhas.
  2750 | D:3      | Found a shimmering blue altar of Sif Muna.
  3055 | D:3      | Found a shadowy altar of Dithmenos.
  3386 | D:3      | Found a runed translucent gate.
  3386 | D:3      | Noticed Erac's ghost (amateur MiBe)
  3388 | D:3      | Found a runed translucent gate.
  3388 | D:3      | Found a runed translucent gate.
  3874 | D:4      | Noticed an ogre
  3899 | D:4      | Killed an ogre
  4313 | D:4      | Found a burning altar of Makhleb.
  4327 | D:4      | Reached XP level 6. HP: 51/51 MP: 7/11
  4896 | D:4      | Noticed Eustachio
  5232 | D:4      | Killed Eustachio
  5294 | D:5      | Entered Level 5 of the Dungeon
  5316 | D:5      | Found a stormy altar of Qazlal.
  5516 | D:4      | Reached XP level 7. HP: 41/59 MP: 6/12
  5665 | D:5      | Found an iron altar of Okawaru.
  5892 | D:5      | Noticed a water elemental
  5895 | D:5      | Found a stormy altar of Qazlal.
  5897 | D:5      | Noticed an air elemental
  5897 | D:5      | Noticed a fire elemental
  6282 | D:5      | Found a runed translucent door.
  6283 | D:5      | Noticed Crazy Yiuf
  6285 | D:5      | Got a bloodstained mace
  6288 | D:5      | Identified the +11 mace "Newtslayer" {flame, -Tele rElec
                  | MR+} (You found it on level 5 of the Dungeon)
  6296 | D:5      | Killed Crazy Yiuf
  6804 | D:6      | Reached skill level 1 in Maces & Flails
  7161 | D:6      | Reached XP level 8. HP: 67/67 MP: 13/13
  7616 | D:6      | Noticed Duvessa
  7616 | D:6      | Noticed Dowan
  7628 | D:6      | Killed Duvessa
  7628 | D:6      | Reached skill level 5 in Fighting
  7628 | D:6      | Reached skill level 5 in Dodging
  7635 | D:6      | Killed Dowan
  7820 | D:7      | Found an ornate altar of the Wu Jian Council.
  7891 | D:6      | Reached skill level 5 in Armour
  8141 | D:7      | Found a shimmering altar of Xom.
  8145 | D:7      | Found a shimmering altar of Xom.
  8145 | D:7      | Found a shimmering altar of Xom.
  8145 | D:7      | Found a shimmering altar of Xom.
  8146 | D:7      | Found a shimmering altar of Xom.
  8516 | D:7      | Identified the ring of Ebumaosh {*Tele rF+}
  8838 | D:7      | Identified the Tome of Glacial Evil Rituals
  8923 | D:7      | Reached XP level 9. HP: 49/75 MP: 12/14
  9032 | D:7      | Found a burning altar of Makhleb.
  9061 | D:7      | Found a staircase to the Ecumenical Temple.
  9632 | D:8      | Reached skill level 5 in Maces & Flails
 10237 | D:8      | Reached skill level 5 in Charms
 10315 | D:8      | Found a roughly hewn altar of Beogh.
 10420 | D:8      | Reached XP level 10. HP: 83/86 MP: 15/15
 10520 | D:8      | Found Ydwot's General Store.
 10576 | D:8      | Found a snail-covered altar of Cheibriados.
 10585 | D:8      | Found an ornate altar of the Wu Jian Council.
 10663 | D:8      | Found a sparkling altar of Nemelex Xobeh.
 10826 | D:9      | Got a shimmering trident
 10838 | D:9      | Identified the cursed +1 trident "Fein" {flame, +Inv} (You
                  | found it on level 9 of the Dungeon)
 11363 | D:10     | Entered Level 10 of the Dungeon
 11363 | D:10     | Found a staircase to the Lair.
 11643 | D:10     | Found a sacrificial altar of Ru.
 11783 | D:10     | Noticed a wizard
 11783 | D:10     | Noticed Gastronok
 11784 | D:10     | Noticed Nergalle
 11947 | D:10     | Killed Nergalle
 12057 | D:10     | Killed Gastronok
 12203 | D:10     | Learned a level 2 spell: Song of Slaying
 12268 | D:10     | Noticed a two-headed ogre
 12287 | D:10     | Killed a two-headed ogre
 12287 | D:10     | Reached XP level 11. HP: 84/95 MP: 17/17
 12369 | D:10     | Noticed a wizard
 12381 | D:10     | Cast into level 2 of the Abyss (a wizard)
 12424 | Abyss:2  | Noticed a sixfirhy
 12430 | Abyss:2  | Killed a sixfirhy
 12503 | Abyss:2  | Noticed a tentacled starspawn
 12575 | Abyss:2  | Noticed a starcursed mass
 12618 | Abyss:2  | Noticed a wretched star
 12628 | Abyss:2  | Found a shadowy altar of Dithmenos.
 12636 | Abyss:2  | Noticed a balrug
 12662 | Abyss:2  | Learned a level 3 spell: Regeneration
 12726 | Abyss:2  | Noticed a rakshasa
 12772 | Abyss:2  | Killed a rakshasa
 12842 | Abyss:2  | Noticed a tentacled starspawn
 12855 | Abyss:2  | HP: 2/76 [tentacled starspawn (3)]
 12856 | Abyss:2  | Demolished by a tentacled starspawn

Skill      XL: |  1  2  3  4  5  6  7  8  9 10 11 |
---------------+----------------------------------+-----
Armour         | 1 2 3 4 5 6 8 |  8.5
Fighting       | 2 3 4 5 7 8 |  8.7
Long Blades    | 2 3 4 |  4.1
Dodging        | 2 3 4 5 |  5.3
Maces & Flails | 2 3 5 7 |  7.4
Charms         | 3 5 6 7 |  7.1
Spellcasting   | |  1.7

Action                   |  1- 3 |  4- 6 |  7- 9 | 10-12 || total
-------------------------+-------+-------+-------+-------++-------
Melee: Falchion          |    68 |    67 |       |       ||   135
       Mace              |       |    90 |   306 |   140 ||   536
       Dagger            |       |    13 |       |       ||    13
       Morningstar       |       |       |       |    21 ||    21
Throw: Dart              |       |    10 |     5 |    18 ||    33
       Throwing net      |       |     2 |     2 |       ||     4
       Boomerang         |       |     1 |       |       ||     1
       Javelin           |       |       |     1 |       ||     1
 Cast: Infusion          |     9 |    20 |    20 |    12 ||    61
Evoke: Wand              |       |       |       |     1 ||     1
  Use: Scroll            |     4 |     5 |     7 |     6 ||    22
       Potion            |       |     1 |     3 |     5 ||     9
 Stab: Sleeping          |     2 |       |       |       ||     2
       Held in net/web   |       |     1 |       |       ||     1
       Invisible         |       |       |     1 |     2 ||     3
  Eat: Chunk             |     2 |     8 |    14 |     5 ||    29
       Ration            |       |     2 |     2 |     1 ||     5
Armor: Leather armour    |    19 |     1 |       |       ||    20
       Ring mail         |       |    62 |    18 |       ||    80
       Chain mail        |       |       |    98 |    94 ||   192
Dodge: Dodged            |    57 |   125 |   120 |    93 ||   395
       Rpst.: Falchion   |    22 |    14 |       |       ||    36
